 Dungeon Crawl Stone Soup version 0.29.1-13-g9f3cf754e1 (webtiles) character file.

Game seed: 7988795587563528635

15073 growler the Martial Artist (level 11, -10/91 (95) HPs)
             Began as a Demonspawn Wanderer on Feb 7, 2023.
             Was a Believer of Uskayaw.
             Mangled by a hell rat (15 damage)
             ... on level 1 of the Lair of Beasts.
             The game lasted 00:37:09 (11028 turns).

growler the Martial Artist (Demonspawn Wanderer)   Turns: 11028, Time: 00:37:09

HP:   -10/91 (95)   AC: 11    Str: 13    XL:     11   Next: 97%
MP:   11/18         EV: 12    Int: 13    God:    Uskayaw [**....]
Gold: 748           SH:  2    Dex: 23    Spells: 10/10 levels left

rFire   . . .      SeeInvis +     - Unarmed
rCold   + + .      Faith    .   (no shield)
rNeg    . . .      Spirit   .   u - +2 leather armour {rC+}
rPois   .          Reflect  .   w - +0 helmet {SInv}
rElec   .          Harm     .   b - +0 cloak
rCorr   .          Rampage  .   (gloves unavailable)
Will    .....                   (no boots)
Stlth   ++........              m - amulet of regeneration
HPRegen 1.05/turn               J - ring of the Octopus King {rC+ HP+2 AC+2 EV+2 SH+2}
MPRegen 0.16/turn               Q - +6 ring of dexterity

@: mighty, lightly drained
A: claws 3, rugged brown scales 2, spiny 1
a: Renounce Religion, Stomp, Line Pass


You were on level 1 of the Lair of Beasts.
You worshipped Uskayaw.
Uskayaw was aware of your devotion.
You visited 3 branches of the dungeon, and saw 13 of its levels.
You also visited: Bailey.

You collected 748 gold pieces.

Inventory:

Hand Weapons
 a - a +1 vorpal quarterstaff
Missiles
 p - a throwing net (quivered)
Armour
 b - a +0 cloak (worn)
 d - a +0 robe
 r - a +1 helmet
 u - a +2 leather armour of cold resistance (worn)
 w - a +0 helmet of see invisible (worn)
 G - +2 shadow dragon scales
Jewellery
 m - an amulet of regeneration (around neck)
 s - an amulet of guardian spirit
 x - a ring of wizardry
 F - a ring of fire
 J - a ring of the Octopus King (left claw) {rC+ HP+2 AC+2 EV+2 SH+2}
   (You acquired it in a bailey)

   [ring of protection from cold]

   AC:        It affects your AC (+2).
   EV:        It affects your evasion (+2).
   rC:        It protects you from cold.
   HP:        It affects your health (+2).
   SH:        It affects your SH (+2).
 N - a ring of resist corrosion
 Q - a +6 ring of dexterity (right claw)
 T - a ring of ice
 U - a ring of see invisible
Wands
 K - a wand of light (3)
 L - a wand of flame (31)
Scrolls
 e - 4 scrolls of teleportation
 g - 3 scrolls of enchant armour
 h - a scroll of poison
 k - 3 scrolls of enchant weapon
 l - a scroll of vulnerability
 y - a scroll of amnesia {unknown}
 A - a scroll of summoning
 C - a scroll of torment
 E - 2 scrolls of magic mapping
 H - a scroll of noise {unknown}
 M - a scroll of immolation {unknown}
 O - a scroll of blinking
 R - a scroll of butterflies {unknown}
Potions
 c - a potion of resistance
 f - a potion of mutation
 i - 2 potions of might
 j - 5 potions of magic {unknown}
 n - 8 potions of curing
 o - 5 potions of haste
 q - 3 potions of invisibility
 t - 3 potions of cancellation {unknown}
 v - 2 potions of heal wounds
 z - 2 potions of ambrosia
 B - a potion of brilliance
 D - a potion of flight
 I - 3 potions of degeneration {unknown}
 S - a potion of attraction


   Skills:
 - Level 9.0 Fighting
 - Level 2.6 Staves
 - Level 1.0 Stealth
 + Level 14.7 Unarmed Combat
 + Level 9.5 Invocations
 - Level 2.0 Evocations


You had 10 spell levels left.
You didn't know any spells.
Your spell library contained the following spells:

 Spells                   Type           Power      Damage    Failure   Level
 Apportation              Tloc           0%         N/A       36%         1
 Necrotise                Necr           0%         1d4       36%         1
 Summon Small Mammal      Summ           0%         N/A       36%         1
 Static Discharge         Conj/Air       0%         3-3/arc   52%         2
 Ozocubu's Armour         Ice            0%         N/A       75%         3
 Portal Projectile        Hex/Tloc       0%         N/A       75%         3
 Stone Arrow              Conj/Erth      0%         3d7       75%         3
 Tukima's Dance           Hex            0%         N/A       75%         3
 Animate Armour           Summ/Erth      0%         N/A       98%         4
 Animate Dead             Necr           0%         N/A       98%         4
 Dispel Undead            Necr           0%         3d6       98%         4
 Petrify                  Tmut/Erth      0%         N/A       98%         4
 Sticky Flame             Conj/Fire      0%         2d3       98%         4
 Alistair's Intoxication  Tmut/Pois      0%         N/A       100%        5
 Blade Hands              Tmut           0%         N/A       100%        5
 Borgnjor's Vile Clutch   Necr/Erth      0%         N/A       100%        5
 Metabolic Englaciation   Hex/Ice        0%         N/A       100%        5
 Dispersal                Tloc           0%         N/A       100%        6
 Eringya's Noxious Bog    Tmut/Pois      0%         N/A       100%        6
 Simulacrum               Ice/Necr       0%         N/A       100%        6
 Statue Form              Tmut/Erth      0%         N/A       100%        6
 Haunt                    Necr/Summ      0%         N/A       100%        7
 Disjunction              Tloc           0%         N/A       100%        8
 Infestation              Necr           0%         N/A       100%        8
 Lehudib's Crystal Spear  Conj/Erth      0%         10d2      100%        8


Dungeon Overview and Level Annotations

Branches:
Dungeon (11/15)            Temple (1/1) D:7            Lair (1/5) D:10
 Bailey (visited)
    Orc: D:9-12

Altars:
Ashenzari
Cheibriados
Dithmenos
Fedhas
Gozag
Hepliaklqana
Kikubaaqudgha
Makhleb
Nemelex Xobeh
Okawaru
Qazlal
Ru
Sif Muna
Trog
Uskayaw
Vehumet
Wu Jian
Xom
Yredelemnul

Shops:
D:2 =   D:5 [


Innate Abilities, Weirdness & Mutations

You have claws for hands.
You are mostly covered in rugged brown scales. (AC +2, +5% HP)
You are partially covered in sharp spines.


Message History

You climb downwards.
Welcome back to the Lair of Beasts!
Your summoned ally is left behind.
The hell rat is struck by your spines. The hell rat bites you.
The catoblepas gores you! The hell rat closely misses you.
The catoblepas gores you!
There is a staircase back to the Dungeon, spattered with blood here.
You claw the catoblepas!
The catoblepas is lightly wounded.
The hell rat bites you!
You feel drained. The hell rat is struck by your spines.
The hell rat misses you.
You mangle the catoblepas!!
The catoblepas is heavily wounded.
The catoblepas is struck by your spines.
The catoblepas gores you! The hell rat is struck by your spines.
The hell rat bites you!
You can now pass through a line of other dancers.
You mangle the catoblepas!!
The catoblepas is severely wounded.
The hell rat bites you!
* * * LOW HITPOINT WARNING * * *
You feel drained. The hell rat bites you!
* * * LOW HITPOINT WARNING * * *
The catoblepas is struck by your spines.
The catoblepas gores you!
* * * LOW HITPOINT WARNING * * *
Uskayaw will force your foes to helplessly watch your dance.
Uskayaw prepares the audience for your solo!
You stomp with the beat, sending a shockwave through the revellers around you!
You kill the hell rat!
The catoblepas is almost dead.
You kill the hell rat!
The catoblepas is no longer paralysed.
The catoblepas breathes a plume of calcifying dust at you.
The blast of calcifying dust hits you but does no damage.
Uskayaw will force your foes to helplessly watch your dance.
You stomp with the beat, sending a shockwave through the revellers around you!
You kill the catoblepas!
You are engulfed in calcifying dust.
You are engulfed in calcifying dust.
The hell rat is no longer paralysed.
The hell rat bites you!
You die...

...#########
..........#
..##..#.#.##
##..##..#
##.###.##
#..###.#
##..P#.#
#.....#
#@..###
#r†####
#.....#
##.##.# #.#
# ##†# #..#
#..# ##.#


You could see a hell rat.

Vanquished Creatures
  A catoblepas (Lair:1)
  A centaur warrior (D:11)
  Sonja (D:11)
  An orc sorcerer (Bailey)
  A cyclops (D:11)
  An ice statue (D:9)
  2 kobold demonologists
  2 trolls
  A hornet (D:8)
  2 shadows (D:11)
  A vampire (D:10)
  2 wyverns (D:9)
  2 wraiths (D:9)
  25 yaks
  A steam dragon (D:10)
  4 vampire mosquitoes
  Edmund (D:4)
  5 floating eyes (D:9)
  2 ice beasts
  3 black bears
  13 orc warriors
  2 sky beasts
  An ogre (D:6)
  12 centaurs
  4 kobold brigands
  A necrophage (D:5)
  4 bullfrogs
  A scorpion (D:5)
  3 wights (D:6)
  A killer bee (D:9)
  4 electric eels (Bailey)
  5 hounds
  3 jellies
  5 orc priests
  3 iron imps (D:9)
  A gnoll bouda (D:9)
  6 iguanas
  10 orc wizards
  Natasha (thrice) (D:4)
  3 hell rats (Lair:1)
  Robin (D:4)
  18 gnolls
  3 adders
  7 white imps
  A worm (D:5)
  3 dart slugs
  29 orcs
  4 ball pythons
  5 endoplasms
  4 giant cockroaches
  28 goblins
  12 hobgoblins
  7 jackals
  3 quokkas
  3 bats
  2 frilled lizards (D:1)
  24 kobolds
  5 rats
303 creatures vanquished.

Vanquished Creatures (others)
  5 plants (Lair:1)
  3 withered plants (D:5)
8 creatures vanquished.

Grand Total: 311 creatures vanquished

Notes
Turn   | Place    | Note
-------+----------+-------------------------------------------
     0 | D:1      | growler the Demonspawn Wanderer began the quest for the
                  | Orb.
     0 | D:1      | growler set off with the following items: a +1 vorpal
                  | quarterstaff, a +0 cloak, a scroll of blinking, a +0 robe.
     0 | D:1      | Reached XP level 1. HP: 18/18 MP: 1/1
   279 | D:1      | Gained mutation: You are partially covered in sharp spines.
                  | [demonic ancestry]
   279 | D:1      | Reached XP level 2. HP: 24/24 MP: 2/2
   418 | D:1      | Found a faded altar of an unknown god.
   732 | D:2      | Gained mutation: You have sharp fingernails. [demonic
                  | ancestry]
   732 | D:2      | Reached XP level 3. HP: 30/30 MP: 3/3
   757 | D:2      | Found Zynumury's Jewellery Shop.
   860 | D:2      | HP: 1/31 [gnoll/+0 flail (11)]
  1446 | D:2      | Reached XP level 4. HP: 38/38 MP: 4/4
  1525 | D:2      | Reached skill level 5 in Fighting
  2396 | D:3      | Reached XP level 5. HP: 35/46 MP: 5/5
  2869 | D:4      | Noticed Natasha
  2876 | D:4      | Killed Natasha
  2887 | D:4      | Noticed Natasha
  2898 | D:4      | Killed Natasha
  2929 | D:4      | Noticed a centaur
  2939 | D:4      | Killed a centaur
  2940 | D:4      | Reached XP level 6. HP: 42/55 MP: 6/6
  3015 | D:4      | Found an opulent altar of Gozag.
  3055 | D:4      | Noticed an ice beast
  3106 | D:4      | Reached skill level 1 in Unarmed Combat
  3144 | D:4      | Identified the +9 falchion "Saloxiras" {vorpal, rF+ Int+2}
  3234 | D:4      | Killed an ice beast
  3235 | D:4      | Gained mutation: You have very sharp fingernails. [demonic
                  | ancestry]
  3235 | D:4      | Reached XP level 7. HP: 50/60 MP: 7/7
  3300 | D:4      | Noticed Edmund
  3304 | D:4      | Reached skill level 2 in Unarmed Combat
  3318 | D:4      | Killed Edmund
  3400 | D:4      | Found a bloodstained altar of Trog.
  3407 | D:4      | Noticed Robin
  3415 | D:4      | Killed Robin
  3497 | D:4      | Reached skill level 3 in Unarmed Combat
  3719 | D:4      | Noticed Natasha
  3726 | D:4      | Killed Natasha
  3833 | D:5      | Entered Level 5 of the Dungeon
  4006 | D:5      | Reached skill level 4 in Unarmed Combat
  4006 | D:5      | Gained mutation: You have claws for hands. [demonic
                  | ancestry]
  4006 | D:5      | Reached XP level 8. HP: 66/69 MP: 8/8
  4071 | D:5      | Found an ancient bone altar of Kikubaaqudgha.
  4294 | D:5      | Found a snail-covered altar of Cheibriados.
  4340 | D:5      | Found Asoem's Armour Shop.
  4581 | D:6      | Reached skill level 5 in Unarmed Combat
  4702 | D:6      | Identified the +7 hand axe "Hotsit" {flame, Int+7}
  5131 | D:6      | Reached skill level 6 in Unarmed Combat
  5504 | D:6      | Reached skill level 7 in Unarmed Combat
  5663 | D:7      | Reached XP level 9. HP: 72/76 MP: 9/9
  5886 | D:7      | Reached skill level 8 in Unarmed Combat
  5916 | D:7      | Found a flagged portal.
  5925 | Bailey   | Entered a bailey
  6271 | Bailey   | Reached skill level 9 in Unarmed Combat
  6540 | Bailey   | Acquired a ring of the Octopus King {rC+ HP+2 AC+2 EV+2
                  | SH+2}
  6540 | Bailey   | Found the ring of the Octopus King {rC+ HP+2 AC+2 EV+2
                  | SH+2}
  6563 | Bailey   | Found an iron altar of Okawaru.
  6563 | Bailey   | Noticed an orc sorcerer
  6563 | Bailey   | Noticed a kobold demonologist
  6566 | Bailey   | Noticed a sixfirhy
  6697 | Bailey   | Killed a kobold demonologist
  6698 | Bailey   | Reached skill level 10 in Unarmed Combat
  6757 | Bailey   | Killed an orc sorcerer
  6758 | Bailey   | Gained mutation: You are partially covered in rugged brown
                  | scales. (AC +1, +3% HP) [demonic ancestry]
  6758 | Bailey   | Reached XP level 10. HP: 48/85 MP: 10/10
  7027 | D:7      | Found a staircase to the Ecumenical Temple.
  7360 | D:8      | Reached skill level 11 in Unarmed Combat
  7441 | Temple   | Entered the Ecumenical Temple
  7598 | Temple   | Became a worshipper of Uskayaw the Reveller
  7649 | D:8      | Reached * piety under Uskayaw
  7671 | D:8      | Reached ** piety under Uskayaw
  7676 | D:8      | Reached *** piety under Uskayaw
  7733 | D:8      | Identified the +4 scale mail of Sloth {Harm}
  7929 | D:8      | Found a hazy altar of Hepliaklqana.
  8046 | D:9      | Noticed an ice statue
  8216 | D:9      | Reached **** piety under Uskayaw
  8226 | D:9      | Reached ***** piety under Uskayaw
  8241 | D:9      | Reached skill level 5 in Invocations
  8261 | D:9      | Paralysed by a floating eye for 3 turns
  8280 | D:9      | Paralysed by a floating eye for 3 turns
  8309 | D:9      | Reached skill level 12 in Unarmed Combat
  8324 | D:9      | Paralysed by a floating eye for 3 turns
  8654 | D:9      | Found a shimmering blue altar of Sif Muna.
  8673 | D:9      | Found a sparkling altar of Nemelex Xobeh.
  8845 | D:9      | Gained mutation: You are mostly covered in rugged brown
                  | scales. (AC +2, +5% HP) [demonic ancestry]
  8845 | D:9      | Reached XP level 11. HP: 55/93 MP: 16/16
  8858 | D:9      | Found a burning altar of Makhleb.
  9285 | D:10     | Entered Level 10 of the Dungeon
  9439 | D:10     | Found a staircase to the Lair.
  9646 | D:10     | Found a radiant altar of Vehumet.
  9687 | D:10     | Reached skill level 13 in Unarmed Combat
 10098 | D:11     | Noticed Sonja
 10101 | D:11     | Killed Sonja
 10133 | D:11     | Noticed a centaur warrior
 10142 | D:11     | Killed a centaur warrior
 10350 | D:11     | Reached skill level 14 in Unarmed Combat
 10824 | Lair:1   | Entered Level 1 of the Lair of Beasts
 10853 | Lair:1   | Noticed a catoblepas
 10889 | Lair:1   | HP: 4/89 [catoblepas/blast of calcifying dust (6)]
 11025 | Lair:1   | HP: 2/85 [catoblepas (7)]
 11027 | Lair:1   | Killed a catoblepas
 11028 | Lair:1   | Mangled by a hell rat

Illustrated notes

Levels and vault maps discovered:
D:1:      scummos_arrival_checkerplants, layout_basic,
          shapermc_ecumenical_altar_pompeii, minmay_box_of_dots
D:2:      layout_basic, serial_shops, nicolae_shop_hallway_stairs,
          minmay_door_square, minmay_tromino_v2
D:3:      minmay_diamond_boxcup, layout_rooms, serial_glass, glass_columns_a,
          glass_columns_b
D:4:      layout_cave_pods, grunt_temple_overflow_gold_and_silver,
          amcnicky_altar_gilded, uniq_natasha, uniq_edmund, uniq_robin
D:5:      layout_rooms, kiku_gazebo_garden_becter, chei_slow_surprise,
          serial_shops, nicolae_square_shop
D:6:      layout_gridville
D:7:      layout_basic, minmay_temple_entry_from_below_a, enter_bailey_2,
          hex_large, minmay_misc_feat_rows
D:8:      layout_cave_pools, worldfamousw_hep_ancestral_shrine, minivault_26
D:9:      layout_basic, demons_altar, mainiacjoe_overflow_big_doors,
          minivault_16, onia_ninara_cookie
D:10:     layout_roguey, vehumet_altar_wand_db, lair_entry_dummy
D:11:     layout_long_grid, uniq_sonja
Temple:   hc_temple_tempest_star
Lair:1:   layout_loops_ring, hangedman_tree_tricks, minivault_26,
          wad_woods_road_03, lemuel_fruit_tree, grunt_megastairs_2

Skill      XL: |  1  2  3  4  5  6  7  8  9 10 11 |
---------------+----------------------------------+-----
Fighting       | 4 5 7 8 9 |  9.0
Unarmed Combat | 1 4 7 10 12 14 | 14.7
Invocations    | 7 9 |  9.5
Staves         | |  2.6
Stealth        | |  1.0
Evocations     | |  2.0

Action                   |  1- 3 |  4- 6 |  7- 9 | 10-12 || total
-------------------------+-------+-------+-------+-------++-------
Melee: Quarterstaff      |    57 |    94 |   172 |       ||   323
       Unarmed           |       |       |   144 |   274 ||   418
       Punch             |       |       |     7 |    28 ||    35
Invok: Stomp             |       |       |       |     4 ||     4
  Use: Scroll            |       |     6 |     3 |    12 ||    21
       Potion            |       |       |     2 |     1 ||     3
 Stab: Sleeping          |     6 |     3 |     3 |       ||    12
       Distracted        |     1 |       |       |     1 ||     2
       Paralysed         |       |       |       |    24 ||    24
Armor: Robe              |    13 |    23 |     3 |       ||    39
       Leather armour    |       |       |    90 |   108 ||   198
Dodge: Dodged            |    20 |    55 |   108 |   137 ||   320
Block: Other             |       |       |     2 |    20 ||    22
